 Dungeon Crawl Stone Soup version 0.31.0-32-g396128a36d (webtiles) character file.

Game seed: 12858961708649200736

4556 monsoonserge the Grappler (level 10, -7/76 HPs)
             Began as a Gnoll Shapeshifter on Mar 9, 2024.
             Was a Believer of Wu Jian.
             Mangled by Erolcha
             ... wielding a +0 giant club
              (35 damage)
             ... on level 9 of the Dungeon.
             The game lasted 00:26:37 (8036 turns).

monsoonserge the Grappler (Gnoll Shapeshifter)      Turns: 8036, Time: 00:26:38

Health: -7/76      AC:  6    Str: 19    XL:     10   Next: 40%
Magic:  27/27      EV: 13    Int:  9    God:    Wu Jian [**....]
Gold:   443        SH:  9    Dex: 11    Spells: 19/19 levels left

rFire   + .          .
                       - Unarmed
rCold   . . .        F - +0 kite shield
rNeg    . . .        s - +0 steam dragon scales
rPois   .            (helmet currently unavailable)
rElec   .            u - melded +0 cloak {rPois}
rCorr   .            y - melded +0 pair of gloves
SInv    .            (boots currently unavailable)
Will    .....        a - amulet of magic regeneration
Stlth   +++          f - ring of protection from fire
HPRegen 0.32/turn    K - ring of magical power
MPRegen 0.60/turn

%: no passive effects
@: beast-form
A: beast (slay +4), fangs 1, strong nose, distributed training
a: Begin Untransformation, Renounce Religion, Wall Jump


You were on level 9 of the Dungeon.
You worshipped Wu Jian.
Wu Jian was pleased with you.
You were a hulking beast.
You visited 2 branches of the dungeon, and saw 10 of its levels.

You collected 547 gold pieces.
You spent 104 gold pieces at shops.

Inventory:

Missiles
 k - 20 poisoned darts (quivered)
 B - 7 boomerangs
 M - 13 javelins
 O - a throwing net
Armour
 i - a +1 robe of cold resistance
 j - a +0 chain mail
 s - +0 steam dragon scales (worn)
 u - a +0 cloak of poison resistance (melded)
 w - a +0 scale mail
 y - a +0 pair of gloves (melded)
 F - a +0 kite shield (worn)
 J - a +2 leather armour of willpower
 Q - the +1 plate armour of the Turtle {*Slow rC+ SInv}
   (You found it on level 9 of the Dungeon)

   rC+:       It protects you from cold.
   SInv:      It lets you see invisible.
   *Slow:     It may slow you when you take damage.
Jewellery
 a - an amulet of magic regeneration (around neck)
 f - a ring of protection from fire (left hand)
 K - a ring of magical power (right hand)
Talismans
 c - a beast talisman (active)
 d - a flux talisman
 l - a talisman of death
 x - a serpent talisman
Wands
 b - a wand of polymorph (11)
 p - a wand of roots (11)
 r - a wand of light (8)
 G - a wand of digging (16)
 P - a wand of paralysis (12)
Scrolls
 h - a scroll of enchant armour
 n - 2 scrolls of torment {unknown}
 o - 2 scrolls of fear
 t - a scroll of teleportation {unknown}
 v - a scroll of silence {unknown}
 z - a scroll of blinking
 C - 2 scrolls of poison {unknown}
 H - 3 scrolls of immolation {unknown}
 L - a scroll of enchant weapon {unknown}
 N - 3 scrolls of fog {unknown}
Potions
 e - 2 potions of brilliance
 g - 5 potions of curing
 m - 2 potions of enlightenment
 q - a potion of magic {unknown}
 A - a potion of heal wounds
 D - 2 potions of degeneration {unknown}
 E - 3 potions of mutation
 I - a potion of cancellation


   Skills:
 + Level 6.1 Fighting
 + Level 5.4 Short Blades
 + Level 5.4 Long Blades
 + Level 5.4 Axes
 + Level 5.4 Maces & Flails
 + Level 5.4 Polearms
 + Level 5.4 Staves
 + Level 5.4 Ranged Weapons
 + Level 5.4 Throwing
 + Level 5.4 Armour
 + Level 7.2 Dodging
 + Level 5.4 Stealth
 + Level 5.4 Shields
 + Level 8.6 Unarmed Combat
 + Level 5.4 Spellcasting
 + Level 4.5 Conjurations
 + Level 4.5 Hexes
 + Level 4.5 Summonings
 + Level 4.5 Necromancy
 + Level 4.5 Translocations
 + Level 4.5 Fire Magic
 + Level 4.5 Ice Magic
 + Level 4.5 Air Magic
 + Level 4.5 Earth Magic
 + Level 4.5 Alchemy
 + Level 6.0 Invocations
 + Level 5.4 Evocations
 + Level 8.3 Shapeshifting


You had 19 spell levels left.
You didn't know any spells.
Your spell library contained the following spells:

 Spells                   Type           Power      Damage    Failure   Level
 Foxfire                  Conj/Fire      40%        2x1d6     9%          1
 Kiss of Death            Conj/Necr      40%        2d8       9%          1
 Slow                     Hex            40%        N/A       9%          1
 Confusing Touch          Hex            10%        N/A       26%         3
 Sigil of Binding         Hex            10%        N/A       26%         3
 Vampiric Draining        Necr           10%        2d6       26%         3
 Animate Dead             Necr           10%        N/A       65%         4
 Dispel Undead            Necr           10%        3d9       65%         4
 Plasma Beam              Fire/Air       5%         2x1d15    100%        6
 Starburst                Conj/Fire      5%         6d4       100%        6
 Haunt                    Necr/Summ      5%         N/A       100%        7
 Infestation              Necr           5%         N/A       100%        8


Dungeon Overview and Level Annotations

Branches:
Dungeon (9/15)             Temple (1/1) D:5
   Lair: D:8-11         Orc: D:9-12

Altars:
Ashenzari
Cheibriados
Dithmenos
Elyvilon
Fedhas
Gozag
Hepliaklqana
Kikubaaqudgha
Makhleb
Nemelex Xobeh
Okawaru
Qazlal
Ru
Sif Muna
Trog
Uskayaw
Vehumet
Wu Jian
Xom
Yredelemnul
Zin
The Shining One

Shops:
D:5 *   D:8 [

Annotations:
D:9 Erolcha


Innate Abilities, Weirdness & Mutations

You are a hulking beast.
Your limbs bulge with bestial killing power. (Slay +4)
You have very sharp teeth.
Your uncanny sense of smell can sniff out nearby items.
Your experience applies equally to all skills.


Message History

The water moccasin is severely wounded.
The water moccasin closely misses you. You block the water moccasin's attack.
You barely miss the water moccasin. Your bite misses the water moccasin.
The water moccasin is severely wounded.
You block the water moccasin's attack.
You punch the water moccasin!
You kill the water moccasin!
The Council accepts your kill.
Your Invocations skill increases to level 6!
There is a shimmering blue altar of Sif Muna here.
You open the door.
Erolcha the Cunning comes into view.
She is wielding a +0 giant club.
Found a stone staircase leading up.
There is an open door here.
Erolcha shouts!
You barely miss Erolcha. You bite Erolcha.
Erolcha is lightly wounded.
Erolcha hits you with a +0 giant club!!
You punch Erolcha!
Erolcha is moderately wounded.
You hit Erolcha.
Erolcha is moderately wounded.
Erolcha hits you with a +0 giant club!!
You barely miss Erolcha.
Erolcha is moderately wounded.
Erolcha casts a spell at you. You resist with some effort.
You punch Erolcha!
Erolcha is heavily wounded.
Erolcha misses you.
Okay, then.
You punch Erolcha!
Erolcha is severely wounded.
You punch Erolcha!
Erolcha is almost dead.
Erolcha mumbles some strange words.
Erolcha flickers and vanishes!
Deactivating autopickup; reactivate with Ctrl-A.
You hit something. You bite something. Something hits you!!
You die...

'.### ###'######### ###
#......## ## ######..##
.## ##..# ..# #########
##.## #'## ........#####
#..# >..#
........'...##########'#
...# #
........###..##.........
...#.+ .......h#
##.##......... ...'.#
.......{# #.##.........
...### ........#
#..#......... ...#
........# #..+.........
#### ....<...#
#...##....... #
##+###### ##...####+####
# ##.....## #.......#
#..#.#..#


There were no monsters in sight!

Vanquished Creatures
  Prince Ribbit (D:8)
  2 hornets
  4 yaks (D:6)
  2 steam dragons
  A wraith (D:9)
  Menkaure (D:7)
  An acid dragon (D:9)
  2 water moccasins
  An orc warrior (D:8)
  A black bear (D:6)
  3 ice beasts (D:7)
  2 sky beasts (D:7)
  A centaur (D:5)
  A phantom (D:4)
  A kobold brigand (D:9)
  3 bullfrogs
  A gnoll sergeant (D:8)
  A scorpion (D:5)
  6 howler monkeys
  A bombardier beetle (D:4)
  A lava snake (D:7)
  4 hounds
  Crazy Yiuf (D:2)
  A gnoll bouda (D:8)
  6 orc priests
  4 iguanas
  2 sleepcaps
  8 orc wizards
  8 gnolls (D:8)
  8 adders
  4 shadow imps
  2 white imps
  3 dart slugs
  42 orcs
  6 endoplasms
  2 giant cockroaches
  5 goblins
  6 hobgoblins
  10 jackals
  5 quokkas
  12 ball pythons
  8 bats
  3 frilled lizards
  15 kobolds
  7 rats
209 creatures vanquished.

Vanquished Creatures (others)
  An orc warrior (D:7)
  A centaur (D:7)
  A bombardier beetle (D:7)
  An orc wizard (D:7)
  An orc (D:7)
5 creatures vanquished.

Grand Total: 214 creatures vanquished

Notes
Turn   | Place    | Note
-------+----------+-------------------------------------------
     0 | D:1      | monsoonserge the Gnoll Shapeshifter began the quest for the
                  | Orb.
     0 | D:1      | Reached XP level 1. HP: 17/17 MP: 1/1
   106 | D:1      | Reached XP level 2. HP: 16/23 MP: 2/2
   271 | D:1      | You fall into a shaft and drop 1 floor!
   373 | D:2      | Reached XP level 3. HP: 28/28 MP: 3/3
   442 | D:2      | Reached skill level 1 in Invocations
   470 | D:2      | Found a shimmering altar of Xom.
   487 | D:2      | Reached skill level 1 in Short Blades
   487 | D:2      | Reached skill level 1 in Long Blades
   487 | D:2      | Reached skill level 1 in Axes
   487 | D:2      | Reached skill level 1 in Maces & Flails
   487 | D:2      | Reached skill level 1 in Polearms
   487 | D:2      | Reached skill level 1 in Staves
   487 | D:2      | Reached skill level 1 in Ranged Weapons
   487 | D:2      | Reached skill level 1 in Throwing
   487 | D:2      | Reached skill level 1 in Armour
   487 | D:2      | Reached skill level 1 in Stealth
   487 | D:2      | Reached skill level 1 in Shields
   487 | D:2      | Reached skill level 1 in Spellcasting
   487 | D:2      | Reached skill level 1 in Evocations
   659 | D:1      | Reached XP level 4. HP: 34/34 MP: 5/5
   930 | D:2      | Reached skill level 1 in Conjurations
   930 | D:2      | Reached skill level 1 in Hexes
   930 | D:2      | Reached skill level 1 in Summonings
   930 | D:2      | Reached skill level 1 in Necromancy
   930 | D:2      | Reached skill level 1 in Translocations
   930 | D:2      | Reached skill level 1 in Fire Magic
   930 | D:2      | Reached skill level 1 in Ice Magic
   930 | D:2      | Reached skill level 1 in Air Magic
   930 | D:2      | Reached skill level 1 in Earth Magic
   930 | D:2      | Reached skill level 1 in Alchemy
  1221 | D:2      | Found a runed translucent door.
  1222 | D:2      | Noticed Crazy Yiuf
  1231 | D:2      | Killed Crazy Yiuf
  1232 | D:2      | Reached XP level 5. HP: 18/41 MP: 5/7
  1963 | D:3      | Found a faded altar of an unknown god.
  2019 | D:3      | Reached XP level 6. HP: 47/47 MP: 8/8
  2307 | D:4      | Reached skill level 5 in Dodging
  2567 | D:4      | Found a sparkling altar of Nemelex Xobeh.
  2924 | D:5      | Entered Level 5 of the Dungeon
  3062 | D:5      | Found Komy's General Store.
  3080 | D:4      | Reached XP level 7. HP: 41/52 MP: 10/10
  3122 | D:5      | Bought a potion of mutation for 104 gold pieces
  3321 | D:5      | HP: 2/51 [orc/+0 club (5)]
  3559 | D:5      | Found a staircase to the Ecumenical Temple.
  3568 | Temple   | Entered the Ecumenical Temple
  3639 | Temple   | Became a worshipper of the Wu Jian Council
  3936 | D:5      | Found a hide-covered altar of Uskayaw.
  4075 | D:5      | Found a hazy altar of Hepliaklqana.
  4075 | D:5      | Found a glowing golden altar of the Shining One.
  4225 | D:6      | Reached XP level 8. HP: 38/60 MP: 12/12
  4425 | D:6      | Noticed a yak
  4425 | D:6      | Noticed a yak
  4426 | D:6      | Noticed a yak
  4426 | D:6      | Noticed a yak
  4678 | D:6      | Killed a yak
  4688 | D:6      | Killed a yak
  4695 | D:6      | Killed a yak
  4699 | D:6      | Killed a yak
  4716 | D:6      | Reached XP level 9. HP: 33/66 MP: 14/14
  5107 | D:7      | Reached skill level 5 in Fighting
  5130 | D:7      | Noticed a hornet
  5150 | D:6      | Reached * piety under Wu Jian
  5529 | D:7      | Killed a hornet
  5661 | D:7      | Noticed Menkaure
  5666 | D:7      | Killed Menkaure
  5667 | D:7      | Reached skill level 5 in Invocations
  5946 | D:7      | Found a shimmering altar of Xom.
  6458 | D:8      | Noticed Prince Ribbit
  6470 | D:8      | Killed Prince Ribbit
  6569 | D:8      | Reached skill level 5 in Short Blades
  6569 | D:8      | Reached skill level 5 in Long Blades
  6569 | D:8      | Reached skill level 5 in Axes
  6569 | D:8      | Reached skill level 5 in Maces & Flails
  6569 | D:8      | Reached skill level 5 in Polearms
  6569 | D:8      | Reached skill level 5 in Staves
  6569 | D:8      | Reached skill level 5 in Ranged Weapons
  6569 | D:8      | Reached skill level 5 in Throwing
  6569 | D:8      | Reached skill level 5 in Armour
  6569 | D:8      | Reached skill level 5 in Stealth
  6569 | D:8      | Reached skill level 5 in Shields
  6569 | D:8      | Reached skill level 5 in Spellcasting
  6569 | D:8      | Reached skill level 5 in Evocations
  6569 | D:8      | Reached XP level 10. HP: 61/76 MP: 17/17
  6712 | D:8      | Found Zeiceog's Antique Armour Emporium.
  7099 | D:9      | Reached ** piety under Wu Jian
  7135 | D:9      | Paralysed by a hornet for 1 turns
  7438 | D:9      | Identified the +1 plate armour of the Turtle {*Slow rC+
                  | SInv}
  7992 | D:9      | Found a shimmering blue altar of Sif Muna.
  8026 | D:9      | Noticed Erolcha
  8036 | D:9      | Mangled by Erolcha

Illustrated notes

Levels and vault maps discovered:
D:1:      ncdulo_smallfort, layout_rooms, minivault_19
D:2:      minmay_inner_zag, layout_basic, basic_altar, minmay_misc_feat_roman,
          minmay_tall_x, uniq_crazy_yiuf_cottage
D:3:      layout_basic, nicolae_ecumenical_snake_handling,
          minmay_misc_feat_nine_boxes, hangedman_decor_points,
          chequers_serial_rivers_micro_d
D:4:      layout_loops_ring, overflow_temple_1_default
D:5:      layout_basic, gammafunk_temple_overflow_statue,
          mainiacjoe_overflow_24_doors, minmay_temple_entry_purple_smoke,
          serial_shops, shop, serial_corexii_hall, chequers_hall_statues_y,
          chequers_hall_statues_corner_a
D:6:      layout_rooms
D:7:      layout_basic, xom_confusion_cloud, kennysheep_generic_room_2,
          uniq_menkaure
D:8:      layout_basic, serial_shops, shop_fountains, uniq_pikel,
          uniq_prince_ribbit1
D:9:      layout_roguey, hellmonk_sif_muna_bookshelves, minmay_liquid_box,
          uniq_joseph, uniq_erolcha
Temple:   minmay_temple_bridge_d

Skill      XL: |  1  2  3  4  5  6  7  8  9 10 |
---------------+-------------------------------+-----
Invocations    | 1 2 3 4 5 6 |  6.0
Short Blades   | 1 2 3 5 |  5.4
Long Blades    | 1 2 3 5 |  5.4
Axes           | 1 2 3 5 |  5.4
Maces & Flails | 1 2 3 5 |  5.4
Polearms       | 1 2 3 5 |  5.4
Staves         | 1 2 3 5 |  5.4
Ranged Weapons | 1 2 3 5 |  5.4
Throwing       | 1 2 3 5 |  5.4
Armour         | 1 2 3 5 |  5.4
Stealth        | 1 2 3 5 |  5.4
Shields        | 1 2 3 5 |  5.4
Spellcasting   | 1 2 3 5 |  5.4
Evocations     | 1 2 3 5 |  5.4
Conjurations   | 1 2 3 4 |  4.5
Hexes          | 1 2 3 4 |  4.5
Summonings     | 1 2 3 4 |  4.5
Necromancy     | 1 2 3 4 |  4.5
Translocations | 1 2 3 4 |  4.5
Fire Magic     | 1 2 3 4 |  4.5
Ice Magic      | 1 2 3 4 |  4.5
Air Magic      | 1 2 3 4 |  4.5
Earth Magic    | 1 2 3 4 |  4.5
Alchemy        | 1 2 3 4 |  4.5
Fighting       | 3 4 5 6 |  6.1
Dodging        | 5 6 7 |  7.2
Unarmed Combat | 7 8 |  8.6
Shapeshifting  | 7 8 |  8.3

Action                     |  1- 3 |  4- 6 |  7- 9 | 10-12 || total
---------------------------+-------+-------+-------+-------++-------
  Melee: Unarmed           |    56 |   162 |   274 |   161 ||   653
         Bite              |     2 |    17 |    27 |    13 ||    59
         Dagger            |       |    17 |       |       ||    17
         Punch             |       |     7 |     1 |       ||     8
  Throw: Dart              |       |       |     8 |       ||     8
         Boomerang         |       |       |     5 |       ||     5
Ability: Lunge             |       |       |     9 |    10 ||    19
         Whirlwind         |       |       |     1 |    28 ||    29
  Evoke: Wand              |       |       |     1 |     1 ||     2
    Use: Potion            |       |       |     5 |     1 ||     6
         Scroll            |       |       |     9 |       ||     9
   Stab: Sleeping          |     1 |       |     3 |     2 ||     6
 Armour: Animal skin       |     5 |       |       |       ||     5
         Robe              |     4 |       |       |       ||     4
         Chain mail        |     6 |   112 |     6 |       ||   124
         Scale mail        |       |       |    30 |       ||    30
         Skin              |       |       |    19 |       ||    19
         Leather armour    |       |       |    53 |       ||    53
         Steam dragon scal |       |       |    21 |    63 ||    84
  Dodge: Dodged            |    28 |    68 |   107 |    66 ||   269
  Block: Kite shield       |       |       |    80 |    35 ||   115
   Form: Beast             |       |       |     4 |       ||     4
         Flux              |       |       |     4 |       ||     4
